 Dungeon Crawl Stone Soup version 0.20-a0-1018-ge435b50 (webtiles) character file.

365 Monsterracer the Slasher (level 7, -10/52 HPs)
             Began as a Formicid Abyssal Knight on Apr 17, 2017.
             Was a Priest of Lugonu.
             Mangled by an ogre
             ... wielding a +0 giant club
              (18 damage)
             ... on level 4 of the Dungeon.
             The game lasted 00:11:09 (4035 turns).

Monsterracer the Slasher (Formicid Abyssal Knight)  Turns: 4035, Time: 00:11:09

Health: -10/52     AC: 12    Str: 16    XL:     7   Next: 0%
Magic:  8/8        EV:  2    Int: 12    God:    Lugonu [***...]
Gold:   75         SH: 10    Dex: 12    Spells: 6/6 levels left

rFire    + . .     SeeInvis +   a - +1 falchion
rCold    + . .     Gourm    .   x - +0 large shield
rNeg     . . .     Faith    .   q - +0 chain mail
rPois    +         Spirit   .   (helmet unavailable)
rElec    +         Reflect  .   e - +0 cloak
rCorr    +         Harm     .   d - +0 pair of gloves
MR       .....                  y - +0 pair of boots
Stlth    ..........             (no amulet)
Regen    0.2/turn               f - ring of stealth
MPRegen  0.2/turn               (no ring)

@: resistant
A: permanent stasis, dig shafts and tunnels, four strong arms, antennae 3
a: Dig, Shaft Self, Depart the Abyss, Bend Space, Banish, Renounce Religion


You were on level 4 of the Dungeon.
You worshipped Lugonu.
Lugonu was most pleased with you.
You were not hungry.

You visited 1 branch of the dungeon, and saw 4 of its levels.
You visited the Abyss 1 time.

You collected 133 gold pieces.
You spent 58 gold pieces at shops.

Inventory:

Hand Weapons
 a - a +1 falchion (weapon)
Armour
 b - a +0 leather armour
 d - a +0 pair of gloves (worn)
 e - a +0 cloak (worn)
 q - a +0 chain mail (worn)
 x - a +0 large shield (worn)
 y - a +0 pair of boots (worn)
Jewellery
 f - a ring of stealth (left hand)
Wands
 k - a wand of confusion (48/48)
 m - a wand of acid (10/15)
 o - a wand of enslavement (16/24)
Scrolls
 g - a scroll of remove curse {unknown}
 h - 2 scrolls of blinking {unknown}
 i - a scroll of teleportation {unknown}
 l - 2 scrolls of immolation {unknown}
 n - a scroll of enchant armour {unknown}
 s - a scroll of fear {unknown}
 u - a scroll of amnesia {unknown}
 v - a scroll of enchant weapon {unknown}
 w - a scroll of identify
Comestibles
 c - 2 bread rations
 p - a meat ration
 t - 4 fruits


   Skills:
 + Level 3.2 Fighting
 * Level 6.8 Long Blades
 + Level 2.1 Armour
 + Level 1.1 Dodging
 + Level 2.1 Invocations


You had 6 spell levels left.
You didn't know any spells.

Dungeon Overview and Level Annotations

Branches:
Dungeon (4/15)
 Temple: D:4-7

Altars:
Fedhas
Kikubaaqudgha

Shops:
D:4 [


Innate Abilities, Weirdness & Mutations

You cannot be hasted, slowed, berserked, paralysed or teleported.
You can dig through walls and to a lower floor.
Your four strong arms can wield two-handed weapons with a shield.
You have a pair of large antennae on your head. (SInv)


Message History

You closely miss the phantom.
The phantom is moderately damaged.
The phantom blinks!
The ogre hits you but does no damage.
The phantom blinks!
The phantom blinks!
You block the phantom's attack.
You closely miss the phantom.
The phantom is moderately damaged.
The phantom blinks!
The ogre hits you with a giant club!
* * * LOW HITPOINT WARNING * * *
You completely miss the phantom.
The phantom is moderately damaged.
You block the phantom's attack.
You aren't carrying any potions.
As you read the scroll labeled ZAONWEL KAOS, it crumbles to dust.
It is a scroll of recharging.
Charge which item? (? for menu, Esc to quit)
Your wand of confusion (?/48) glows for a moment.
The ogre hits you with a giant club!!
You die...

............#
............#
............# ###
............# #<#
.....(......# #.#
............# #÷#
.......###### #.#
...##############W###
...............O@...#
#'###################
.....# .....##
......#### .........#
..#+#....# ..#∩#(...#
..#'#....#


You could see a phantom and an ogre.

Vanquished Creatures
  A centaur (D:3)
  A vampire bat (D:3)
  A crimson imp (D:3)
  A hound (D:4)
  Robin (D:2)
  7 adders
  An adder zombie (D:4)
  4 worms
  2 dart slugs (D:1)
  4 leopard geckos
  4 bat skeletons (D:3)
  2 bat zombies (D:3)
  4 giant cockroaches
  8 hobgoblins
  2 jackals (D:2)
  A quokka (D:2)
  3 ball pythons (D:3)
  4 bats
  5 frilled lizards
  12 goblins
  9 kobolds
  10 rats
87 creatures vanquished.

Vanquished Creatures (others)
  A quokka (D:4)
1 creature vanquished.

Grand Total: 88 creatures vanquished

Notes
Turn   | Place    | Note
-------+----------+-------------------------------------------
     0 | Abyss:1  | Monsterracer the Formicid Abyssal Knight began the quest for the Orb.
     0 | Abyss:1  | Reached XP level 1. HP: 18/18 MP: 2/2
    53 | D:1      | Escaped the Abyss
   249 | D:1      | Reached XP level 2. HP: 23/24 MP: 3/3
   618 | D:1      | Reached skill level 3 in Long Blades
  1078 | D:2      | Reached XP level 3. HP: 29/29 MP: 4/4
  1524 | D:2      | Reached XP level 4. HP: 33/35 MP: 5/5
  1529 | D:2      | Reached skill level 4 in Long Blades
  1629 | D:2      | Noticed Robin
  1637 | D:2      | Reached ** piety under Lugonu
  1639 | D:2      | Killed Robin
  2065 | D:2      | Reached XP level 5. HP: 33/41 MP: 6/6
  2218 | D:2      | Found a blossoming altar of Fedhas.
  2306 | D:2      | Reached skill level 5 in Long Blades
  2751 | D:3      | Noticed a centaur
  2763 | D:3      | Killed a centaur
  2763 | D:3      | Reached XP level 6. HP: 20/47 MP: 7/7
  3052 | D:3      | Reached skill level 6 in Long Blades
  3221 | D:3      | Reached *** piety under Lugonu
  3408 | D:3      | Found an ancient bone altar of Kikubaaqudgha.
  3786 | D:4      | Reached skill level 1 in Dodging
  3786 | D:4      | Reached XP level 7. HP: 42/52 MP: 8/8
  3845 | D:4      | Found Wanumesk's Armour Boutique.
  3848 | D:4      | Bought a +0 large shield for 58 gold pieces
  4035 | D:4      | Mangled by an ogre

Vault maps used:
D:1:      minmay_arrival_four_loops, serial_forest, infiniplex_forest_corner_2,
          infiniplex_forest_lined_2, infiniplex_forest_clump_long,
          infiniplex_forest_clump_diagonal, infiniplex_forest_lined_room_3,
          infiniplex_forest_straight_3, infiniplex_forest_clump_diagonal,
          infiniplex_forest_lined_room_2, infiniplex_forest_clump_tiny,
          infiniplex_forest_clump_curved
D:2:      fedhas_altar_3, uniq_robin
D:3:      kennysheep_vampire_church
D:4:      serial_shops, kennysheep_mini_moat, first_bread, elyvilon_altar_4

Skill      XL: |  1  2  3  4  5  6 |
---------------+-------------------+-----
Long Blades    | 3 4 5 6 |  6.8
Dodging        | 1 |  1.1
Fighting       | |  3.2
Armour         | |  2.1
Invocations    | |  2.1

Action                   |  1- 3 |  4- 6 |  7- 9 || total
-------------------------+-------+-------+-------++-------
Melee: Falchion          |    75 |   238 |    10 ||   323
  Use: Potion            |     3 |     4 |     1 ||     8
       Scroll            |     1 |       |     1 ||     2
 Stab: Sleeping          |     3 |     1 |       ||     4
  Eat: Chunk             |     2 |     7 |     1 ||    10
Armor: Leather armour    |    28 |    19 |       ||    47
       Skin              |       |    72 |       ||    72
       Scale mail        |       |    18 |       ||    18
       Chain mail        |       |    99 |     6 ||   105
Dodge: Dodged            |    40 |   104 |     2 ||   146
Block: Large shield      |       |       |     7 ||     7
       Rpst.: Falchion   |    17 |    30 |     2 ||    49
